1941 views
Uploaded 2023-01-17 00:52:40
Game version 1.32.10
38:20 long 3on3 ladder game on (8)Battleground_LV
Saved by Cabeelibob
1941 views
Uploaded 2023-01-17 00:52:40
Game version 1.32.10
38:20 long 3on3 ladder game on (8)Battleground_LV


89 units @ 9k
/ 1.6k
158 buildings @ 9.9k
/ 4.9k

| Healing Salve | 4 | 400 |
| Scroll of Speed | 1 | 50 |
| Lesser Clarity Potion | 4 | 280 |
| Orb of Lightning | 1 | 375 |
| Potion of Mana | 2 | 400 |
| Potion of Healing | 1 | 150 |
| Boots of Speed | 1 | 250 |
| Staff of Teleportation | 1 | 150 |
| total: | 15 | 2055g |
| Peon | 18 | 1350 | / | 0 |
| Troll Witch Doctor | 5 | 725 | / | 125 |
| total: | 23 | 2075g | / | 125w |
| Altar of Storms | 1 | 180 | / | 50 |
| Orc Burrow | 2 | 320 | / | 80 |
| Voodoo Lounge | 1 | 130 | / | 30 |
| War Mill | 1 | 205 | / | 0 |
| Great Hall | 1 | 385 | / | 185 |
| Spirit Lodge | 1 | 150 | / | 150 |
| Stronghold | 1 | 315 | / | 190 |
| Fortress | 1 | 325 | / | 190 |
| total: | 7 | 1370g | / | 495w |
| 0:03 | Peon |
| 0:05 | Peon |
| 0:19 | Altar of Storms |
| 0:21 | Peon |
| 0:34 | Orc Burrow |
| 0:36 | Peon |
| 0:38 | Peon |
| 0:48 | Peon |
| 1:05 | Peon |
| 1:20 | Peon |
| 1:38 | Voodoo Lounge |
| 1:40 | Peon |
| 1:46 | Peon |
| 2:06 | Orc Burrow |
| 2:14 | Peon |
| 2:24 | Wind Walk |
| 2:30 | Peon |
| 3:00 | Peon |
| 3:05 | Peon |
| 3:47 | Healing Salve |
| 3:49 | Scroll of Speed |
| 3:58 | Stronghold |
| 5:40 | Healing Salve |
| 5:44 | Lesser Clarity Potion |
| 6:28 | Fortress |
| 7:14 | Spirit Lodge |
| 9:08 | Boots of Speed |
| 9:31 | Witch Doctor Adept Training |
| 11:12 | Wind Walk |
| 11:45 | War Mill |
| 11:56 | Orb of Lightning |
| 13:27 | Healing Salve |
| 14:16 | Critical Strike |
| 14:58 | Lesser Clarity Potion |
| 15:28 | Staff of Teleportation |
| 18:03 | Wind Walk |
| 19:13 | Healing Salve |
| 22:13 | Bladestorm |
| 22:56 | Potion of Mana |
| 22:59 | Potion of Healing |
| 24:03 | Lesser Clarity Potion |
| 27:56 | Witch Doctor Master Training |
| 27:56 | Troll Witch Doctor |
| 27:56 | Troll Witch Doctor |
| 28:22 | Critical Strike |
| 30:02 | Potion of Mana |
| 31:29 | Great Hall |
| 33:30 | Mirror Image |
| 34:10 | Peon |
| 34:10 | Peon |
| 34:11 | Peon |
| 34:11 | Peon |
| 34:52 | Lesser Clarity Potion |
| 35:39 | Troll Witch Doctor |
| 35:39 | Troll Witch Doctor |
| 35:40 | Troll Witch Doctor |
| Right click | 2203 |
| Select | 188 |
| Resource trade | 171 |
| Build/train/purchase | 111 |
| Select group | 91 |
| Misc. action | 32 |
| Use ability | 24 |
| Item give/drop | 16 |
| Assign group | 10 |
| Minimap ping | 3 |



| Peasant | 15 | 1125 | / | 0 |
| Mortar Team | 9 | 1620 | / | 630 |
| Flying Machine | 20 | 2000 | / | 600 |
| Dragonhawk Rider | 3 | 600 | / | 90 |
| total: | 47 | 5345g | / | 1320w |
| Scout Tower | 20 | 600 | / | 400 |
| Arcane Tower | 1 | 70 | / | 50 |
| Guard Tower | 11 | 770 | / | 550 |
| Altar of Kings | 2 | 360 | / | 100 |
| Farm | 17 | 1360 | / | 340 |
| Lumber Mill | 2 | 240 | / | 0 |
| Town Hall | 1 | 385 | / | 205 |
| Blacksmith | 1 | 140 | / | 60 |
| Arcane Vault | 1 | 130 | / | 30 |
| Workshop | 3 | 420 | / | 420 |
| Gryphon Aviary | 1 | 140 | / | 150 |
| Keep | 1 | 320 | / | 210 |
| Castle | 1 | 360 | / | 210 |
| total: | 48 | 3775g | / | 1705w |
| 0:03 | Altar of Kings |
| 0:07 | Farm |
| 0:09 | Farm |
| 0:10 | Peasant |
| 0:20 | Peasant |
| 0:30 | Peasant |
| 0:42 | Peasant |
| 0:49 | Lumber Mill |
| 0:50 | Peasant |
| 0:58 | Farm |
| 1:12 | Peasant |
| 1:30 | Peasant |
| 1:42 | Peasant |
| 1:48 | Scout Tower |
| 1:51 | Farm |
| 1:52 | Peasant |
| 1:57 | Improved Lumber Harvesting |
| 2:05 | Storm Bolt |
| 2:26 | Arcane Tower |
| 2:28 | Scout Tower |
| 2:31 | Peasant |
| 2:47 | Storm Bolt |
| 2:53 | Scout Tower |
| 2:55 | Guard Tower |
| 2:57 | Peasant |
| 3:01 | Improved Masonry |
| 3:51 | Town Hall |
| 3:56 | Scout Tower |
| 3:59 | Scout Tower |
| 4:00 | Scout Tower |
| 4:03 | Peasant |
| 4:03 | Peasant |
| 4:07 | Guard Tower |
| 4:30 | Peasant |
| 4:39 | Guard Tower |
| 4:42 | Scout Tower |
| 4:52 | Peasant |
| 4:59 | Scout Tower |
| 5:37 | Guard Tower |
| 5:39 | Scout Tower |
| 5:41 | Scout Tower |
| 5:43 | Scout Tower |
| 5:54 | Keep |
| 6:09 | Guard Tower |
| 6:11 | Scout Tower |
| 6:18 | Blacksmith |
| 6:22 | Lumber Mill |
| 6:40 | Guard Tower |
| 6:42 | Scout Tower |
| 7:02 | Scout Tower |
| 7:04 | Scout Tower |
| 7:05 | Scout Tower |
| 7:10 | Guard Tower |
| 7:22 | Arcane Vault |
| 7:37 | Guard Tower |
| 7:45 | Black Gunpowder |
| 7:54 | Farm |
| 8:03 | Guard Tower |
| 8:05 | Scout Tower |
| 8:06 | Scout Tower |
| 8:16 | Altar of Kings |
| 8:18 | Castle |
| 8:19 | Advanced Masonry |
| 8:42 | Workshop |
| 8:45 | Workshop |
| 8:46 | Workshop |
| 8:52 | Gryphon Aviary |
| 9:03 | Guard Tower |
| 9:17 | Refined Gunpowder |
| 9:23 | Farm |
| 9:48 | Farm |
| 10:55 | Imbued Gunpowder |
| 10:57 | Flying Machine Bombs |
| 10:57 | Fragmentation Shards |
| 10:57 | Flak Cannons |
| 10:57 | Flare |
| 10:59 | Mortar Team |
| 11:15 | Imbued Masonry |
| 12:06 | Scout Tower |
| 12:07 | Scout Tower |
| 12:18 | Mortar Team |
| 12:43 | Iron Plating |
| 12:49 | Farm |
| 12:52 | Farm |
| 12:55 | Farm |
| 12:58 | Farm |
| 13:00 | Farm |
| 13:54 | Steel Plating |
| 14:05 | Farm |
| 14:09 | Cloud |
| 14:13 | Farm |
| 14:35 | Guard Tower |
| 14:41 | Flying Machine |
| 14:41 | Flying Machine |
| 14:41 | Flying Machine |
| 14:41 | Flying Machine |
| 14:42 | Flying Machine |
| 14:42 | Flying Machine |
| 14:42 | Flying Machine |
| 15:14 | Farm |
| 15:15 | Farm |
| 15:17 | Farm |
| 15:49 | Flying Machine |
| 15:50 | Flying Machine |
| 16:08 | Dragonhawk Rider |
| 16:09 | Dragonhawk Rider |
| 16:26 | Mithril Plating |
| 16:36 | Flying Machine |
| 16:36 | Flying Machine |
| 17:29 | Mortar Team |
| 17:30 | Mortar Team |
| 17:43 | Flying Machine |
| 17:43 | Flying Machine |
| 17:44 | Flying Machine |
| 21:08 | Brilliance Aura |
| 21:35 | Mortar Team |
| 23:39 | Storm Bolt |
| 23:45 | Divine Shield |
| 23:51 | Storm Bolt |
| 24:53 | Flying Machine |
| 24:53 | Flying Machine |
| 24:53 | Flying Machine |
| 24:53 | Flying Machine |
| 24:53 | Flying Machine |
| 25:03 | Flying Machine |
| 26:08 | Dragonhawk Rider |
| 28:30 | Mortar Team |
| 30:41 | Blizzard |
| 34:42 | Mortar Team |
| 34:43 | Mortar Team |
| 34:43 | Mortar Team |
| 35:44 | Bash |
| Right click | 1313 |
| Select | 514 |
| Select group | 304 |
| Misc. action | 148 |
| Build/train/purchase | 120 |
| Use ability | 61 |
| Chat | 30 |
| Assign group | 14 |
| Resource trade | 12 |
| Remove unit | 8 |
| Minimap ping | 5 |
| Esc | 1 |



| Peasant | 14 | 1050 | / | 0 |
| Flying Machine | 5 | 500 | / | 150 |
| total: | 19 | 1550g | / | 150w |
| Scout Tower | 87 | 2610 | / | 1740 |
| Arcane Tower | 25 | 1750 | / | 1250 |
| Guard Tower | 20 | 1400 | / | 1000 |
| Altar of Kings | 2 | 360 | / | 100 |
| Farm | 7 | 560 | / | 140 |
| Lumber Mill | 2 | 240 | / | 0 |
| Town Hall | 1 | 385 | / | 205 |
| Blacksmith | 1 | 140 | / | 60 |
| Workshop | 3 | 420 | / | 420 |
| Keep | 2 | 640 | / | 420 |
| Castle | 2 | 720 | / | 420 |
| total: | 103 | 4715g | / | 2665w |
| 0:03 | Peasant |
| 0:03 | Peasant |
| 0:07 | Altar of Kings |
| 0:10 | Farm |
| 0:11 | Farm |
| 0:21 | Peasant |
| 0:36 | Peasant |
| 0:36 | Peasant |
| 0:47 | Lumber Mill |
| 0:52 | Scout Tower |
| 1:01 | Peasant |
| 1:17 | Peasant |
| 1:17 | Peasant |
| 1:29 | Farm |
| 1:36 | Peasant |
| 1:40 | Arcane Tower |
| 1:50 | Improved Lumber Harvesting |
| 2:15 | Peasant |
| 2:15 | Peasant |
| 2:15 | Peasant |
| 2:15 | Peasant |
| 2:29 | Peasant |
| 3:31 | Scout Tower |
| 3:31 | Scout Tower |
| 3:33 | Scout Tower |
| 3:34 | Scout Tower |
| 3:34 | Scout Tower |
| 3:44 | Keep |
| 3:54 | Arcane Tower |
| 3:58 | Guard Tower |
| 3:59 | Arcane Tower |
| 4:03 | Scout Tower |
| 4:05 | Scout Tower |
| 4:06 | Guard Tower |
| 4:09 | Scout Tower |
| 4:09 | Scout Tower |
| 4:10 | Scout Tower |
| 4:11 | Scout Tower |
| 4:14 | Scout Tower |
| 4:21 | Improved Masonry |
| 4:29 | Scout Tower |
| 4:32 | Arcane Tower |
| 4:34 | Arcane Tower |
| 4:39 | Scout Tower |
| 4:39 | Scout Tower |
| 4:43 | Scout Tower |
| 4:44 | Scout Tower |
| 4:46 | Guard Tower |
| 4:50 | Guard Tower |
| 5:09 | Arcane Tower |
| 5:12 | Scout Tower |
| 5:15 | Scout Tower |
| 5:16 | Scout Tower |
| 5:16 | Scout Tower |
| 5:17 | Scout Tower |
| 5:19 | Scout Tower |
| 5:20 | Scout Tower |
| 5:22 | Guard Tower |
| 5:23 | Arcane Tower |
| 5:49 | Arcane Tower |
| 6:06 | Critical Strike |
| 6:11 | Bash |
| 6:12 | Bash |
| 6:17 | Guard Tower |
| 6:24 | Arcane Tower |
| 6:26 | Arcane Tower |
| 7:02 | Arcane Tower |
| 7:04 | Scout Tower |
| 7:04 | Scout Tower |
| 7:08 | Scout Tower |
| 7:09 | Scout Tower |
| 7:11 | Scout Tower |
| 7:12 | Scout Tower |
| 7:13 | Scout Tower |
| 7:14 | Scout Tower |
| 7:14 | Scout Tower |
| 7:16 | Arcane Tower |
| 7:50 | Arcane Tower |
| 7:51 | Arcane Tower |
| 8:11 | Town Hall |
| 8:17 | Castle |
| 8:20 | Holy Light |
| 8:45 | Advanced Masonry |
| 9:18 | Guard Tower |
| 9:20 | Guard Tower |
| 9:23 | Guard Tower |
| 9:28 | Scout Tower |
| 9:28 | Scout Tower |
| 9:29 | Scout Tower |
| 9:39 | Arcane Tower |
| 10:19 | Scout Tower |
| 10:19 | Scout Tower |
| 10:56 | Guard Tower |
| 11:02 | Scout Tower |
| 11:03 | Scout Tower |
| 11:06 | Scout Tower |
| 11:07 | Scout Tower |
| 11:08 | Scout Tower |
| 11:11 | Arcane Tower |
| 12:05 | Arcane Tower |
| 13:46 | Holy Light |
| 14:45 | Scout Tower |
| 14:45 | Scout Tower |
| 14:46 | Scout Tower |
| 14:54 | Keep |
| 15:26 | Arcane Tower |
| 15:28 | Scout Tower |
| 15:31 | Scout Tower |
| 15:58 | Arcane Tower |
| 16:11 | Arcane Tower |
| 16:30 | Arcane Tower |
| 16:33 | Arcane Tower |
| 17:09 | Arcane Tower |
| 17:17 | Lumber Mill |
| 20:35 | Scout Tower |
| 20:36 | Scout Tower |
| 20:37 | Scout Tower |
| 20:38 | Scout Tower |
| 20:39 | Scout Tower |
| 20:40 | Scout Tower |
| 20:40 | Scout Tower |
| 20:41 | Scout Tower |
| 20:42 | Scout Tower |
| 20:43 | Scout Tower |
| 20:43 | Scout Tower |
| 20:45 | Scout Tower |
| 20:45 | Scout Tower |
| 20:46 | Scout Tower |
| 20:46 | Scout Tower |
| 20:46 | Scout Tower |
| 20:47 | Scout Tower |
| 20:48 | Scout Tower |
| 20:48 | Scout Tower |
| 21:22 | Guard Tower |
| 21:24 | Scout Tower |
| 21:25 | Scout Tower |
| 21:26 | Scout Tower |
| 21:27 | Scout Tower |
| 21:28 | Guard Tower |
| 22:17 | Guard Tower |
| 22:18 | Guard Tower |
| 22:38 | Guard Tower |
| 22:40 | Scout Tower |
| 22:41 | Scout Tower |
| 22:43 | Scout Tower |
| 22:43 | Scout Tower |
| 24:59 | Arcane Tower |
| 25:02 | Guard Tower |
| 25:07 | Altar of Kings |
| 25:10 | Farm |
| 25:12 | Farm |
| 26:10 | Divine Shield |
| 27:24 | Farm |
| 27:31 | Castle |
| 27:46 | Arcane Tower |
| 28:49 | Scout Tower |
| 28:50 | Scout Tower |
| 28:51 | Scout Tower |
| 28:51 | Scout Tower |
| 29:33 | Guard Tower |
| 30:09 | Guard Tower |
| 30:14 | Scout Tower |
| 30:15 | Scout Tower |
| 30:16 | Scout Tower |
| 30:16 | Scout Tower |
| 31:02 | Guard Tower |
| 31:41 | Guard Tower |
| 31:43 | Scout Tower |
| 31:44 | Scout Tower |
| 31:47 | Scout Tower |
| 35:01 | Blacksmith |
| 35:50 | Black Gunpowder |
| 35:52 | Workshop |
| 35:53 | Workshop |
| 35:55 | Workshop |
| 36:51 | Farm |
| 37:02 | Flying Machine Bombs |
| 37:04 | Refined Gunpowder |
| 37:26 | Flak Cannons |
| 37:28 | Flying Machine |
| 37:28 | Flying Machine |
| 37:28 | Flying Machine |
| 37:28 | Flying Machine |
| 37:29 | Flying Machine |
| 38:16 | Brilliance Aura |
| Right click | 2143 |
| Select group | 1540 |
| Select | 527 |
| Build/train/purchase | 101 |
| Resource trade | 38 |
| Use ability | 30 |
| Chat | 30 |
| Minimap ping | 21 |
| Misc. action | 14 |
| Assign group | 13 |
| Esc | 1 |
147 units @ 17.8k
/ 1.9k
106 buildings @ 15.5k
/ 6.4k



| Rod of Necromancy | 3 | 450 |
| Sacrificial Skull | 1 | 50 |
| Potion of Healing | 4 | 600 |
| Potion of Mana | 1 | 200 |
| Orb of Corruption | 1 | 375 |
| Dust of Appearance | 1 | 75 |
| Scroll of Town Portal | 2 | 700 |
| total: | 13 | 2450g |
| Acolyte | 29 | 2175 | / | 0 |
| Ghoul | 4 | 480 | / | 0 |
| Crypt Fiend | 9 | 1935 | / | 360 |
| Obsidian Statue | 1 | 200 | / | 35 |
| Meat Wagon | 4 | 920 | / | 200 |
| Necromancer | 4 | 580 | / | 80 |
| total: | 51 | 6290g | / | 675w |
| Nerubian Tower | 6 | 600 | / | 120 |
| Spirit Tower | 9 | 1305 | / | 360 |
| Graveyard | 2 | 430 | / | 0 |
| Altar of Darkness | 1 | 180 | / | 50 |
| Crypt | 1 | 200 | / | 50 |
| Ziggurat | 24 | 3600 | / | 1200 |
| Tomb of Relics | 2 | 260 | / | 60 |
| Necropolis | 2 | 450 | / | 0 |
| Slaughterhouse | 2 | 280 | / | 270 |
| Sacrificial Pit | 1 | 75 | / | 150 |
| Temple of the Damned | 1 | 155 | / | 140 |
| Halls of the Dead | 1 | 320 | / | 210 |
| Black Citadel | 1 | 325 | / | 230 |
| total: | 36 | 5630g | / | 1920w |
| 0:01 | Acolyte |
| 0:02 | Acolyte |
| 0:32 | Graveyard |
| 0:37 | Altar of Darkness |
| 0:41 | Crypt |
| 0:46 | Ziggurat |
| 1:06 | Tomb of Relics |
| 1:19 | Ziggurat |
| 1:43 | Ghoul |
| 1:50 | Ghoul |
| 1:54 | Nerubian Tower |
| 2:21 | Crypt Fiend |
| 2:38 | Rod of Necromancy |
| 2:39 | Dust of Appearance |
| 2:42 | Sacrificial Skull |
| 2:45 | Death Coil |
| 3:02 | Acolyte |
| 3:12 | Crypt Fiend |
| 3:29 | Ziggurat |
| 4:08 | Crypt Fiend |
| 4:21 | Unholy Aura |
| 4:32 | Acolyte |
| 4:33 | Acolyte |
| 4:34 | Acolyte |
| 4:50 | Ziggurat |
| 5:03 | Crypt Fiend |
| 5:08 | Acolyte |
| 5:30 | Rod of Necromancy |
| 5:39 | Spirit Tower |
| 5:48 | Halls of the Dead |
| 6:09 | Crypt Fiend |
| 6:11 | Creature Attack |
| 6:17 | Spirit Tower |
| 6:27 | Death Coil |
| 6:46 | Crypt Fiend |
| 6:47 | Creature Carapace |
| 6:49 | Necropolis |
| 7:00 | Crypt Fiend |
| 7:14 | Ziggurat |
| 7:16 | Tomb of Relics |
| 7:21 | Crypt Fiend |
| 8:14 | Burrow |
| 8:40 | Ghoul |
| 8:40 | Ghoul |
| 9:11 | Frost Nova |
| 9:13 | Black Citadel |
| 9:15 | Rod of Necromancy |
| 9:15 | Potion of Healing |
| 9:15 | Potion of Healing |
| 9:16 | Potion of Healing |
| 9:18 | Potion of Mana |
| 10:07 | Slaughterhouse |
| 10:34 | Slaughterhouse |
| 10:42 | Ziggurat |
| 10:57 | Improved Creature Attack |
| 11:09 | Nerubian Tower |
| 11:13 | Graveyard |
| 11:44 | Web |
| 11:52 | Death Pact |
| 12:17 | Sacrificial Pit |
| 12:41 | Acolyte |
| 13:22 | Acolyte |
| 13:23 | Acolyte |
| 13:23 | Acolyte |
| 13:23 | Acolyte |
| 13:24 | Acolyte |
| 13:30 | Obsidian Statue |
| 13:33 | Frost Armor |
| 14:03 | Acolyte |
| 14:03 | Acolyte |
| 14:03 | Acolyte |
| 14:16 | Meat Wagon |
| 14:23 | Unholy Strength |
| 14:42 | Meat Wagon |
| 14:57 | Orb of Corruption |
| 15:00 | Potion of Healing |
| 15:04 | Impale |
| 15:34 | Acolyte |
| 15:44 | Ziggurat |
| 15:45 | Ziggurat |
| 15:47 | Necropolis |
| 15:50 | Ziggurat |
| 15:54 | Acolyte |
| 16:17 | Acolyte |
| 16:17 | Acolyte |
| 16:17 | Acolyte |
| 16:30 | Improved Unholy Strength |
| 16:45 | Spirit Tower |
| 16:52 | Nerubian Tower |
| 17:24 | Ziggurat |
| 17:34 | Meat Wagon |
| 17:43 | Spirit Tower |
| 17:46 | Spirit Tower |
| 18:18 | Ziggurat |
| 18:22 | Spirit Tower |
| 18:31 | Acolyte |
| 18:31 | Acolyte |
| 18:40 | Acolyte |
| 18:55 | Acolyte |
| 19:00 | Acolyte |
| 19:30 | Temple of the Damned |
| 19:45 | Spirit Tower |
| 20:15 | Scroll of Town Portal |
| 20:31 | Ziggurat |
| 21:11 | Acolyte |
| 21:12 | Acolyte |
| 21:37 | Meat Wagon |
| 21:37 | Necromancer |
| 21:38 | Necromancer Adept Training |
| 22:14 | Necromancer |
| 23:28 | Necromancer |
| 23:55 | Scroll of Town Portal |
| 24:34 | Spirit Tower |
| 24:37 | Ziggurat |
| 24:50 | Advanced Creature Attack |
| 24:50 | Advanced Unholy Strength |
| 25:04 | Ziggurat |
| 25:15 | Acolyte |
| 25:44 | Necromancer Master Training |
| 25:44 | Exhume Corpses |
| 26:26 | Skeletal Mastery |
| 28:00 | Necromancer |
| 28:28 | Frost Nova |
| 28:56 | Carrion Beetles |
| 31:04 | Ziggurat |
| 31:06 | Ziggurat |
| 31:06 | Ziggurat |
| 31:06 | Ziggurat |
| 31:16 | Ziggurat |
| 31:16 | Ziggurat |
| 31:16 | Ziggurat |
| 31:16 | Ziggurat |
| 31:17 | Ziggurat |
| 31:17 | Ziggurat |
| 32:10 | Spirit Tower |
| 32:14 | Crypt Fiend |
| Select group | 1364 |
| Right click | 1043 |
| Select | 515 |
| Misc. action | 252 |
| Build/train/purchase | 139 |
| Chat | 123 |
| Use ability | 70 |
| Assign group | 38 |
| Resource trade | 29 |
| Item give/drop | 16 |
| Minimap ping | 10 |
| Remove unit | 4 |


| Lesser Clarity Potion | 2 | 140 |
| Healing Salve | 1 | 100 |
| Dust of Appearance | 1 | 75 |
| Scroll of Town Portal | 1 | 350 |
| total: | 5 | 665g |
| Peon | 15 | 1125 | / | 0 |
| Troll Headhunter | 13 | 1820 | / | 260 |
| Shaman | 4 | 520 | / | 80 |
| Troll Witch Doctor | 4 | 580 | / | 100 |
| Troll Berserker | 1 | 140 | / | 20 |
| Troll Batrider | 1 | 160 | / | 40 |
| total: | 38 | 4345g | / | 500w |
| Orc Burrow | 9 | 1440 | / | 360 |
| War Mill | 2 | 410 | / | 0 |
| Altar of Storms | 1 | 180 | / | 50 |
| Barracks | 1 | 180 | / | 50 |
| Voodoo Lounge | 1 | 130 | / | 30 |
| Great Hall | 5 | 1925 | / | 925 |
| Spirit Lodge | 2 | 300 | / | 300 |
| Beastiary | 2 | 290 | / | 280 |
| Stronghold | 2 | 630 | / | 380 |
| Fortress | 1 | 325 | / | 190 |
| total: | 23 | 4855g | / | 1995w |
| 0:01 | Peon |
| 0:02 | Peon |
| 0:22 | Orc Burrow |
| 0:25 | War Mill |
| 0:32 | Peon |
| 0:42 | Peon |
| 0:50 | Altar of Storms |
| 1:08 | Barracks |
| 1:15 | Peon |
| 1:35 | Peon |
| 1:45 | Orc Burrow |
| 1:51 | Peon |
| 2:12 | Troll Headhunter |
| 2:25 | Troll Headhunter |
| 2:28 | Peon |
| 2:32 | Steel Ranged Weapons |
| 2:46 | Troll Headhunter |
| 2:55 | War Stomp |
| 3:03 | Voodoo Lounge |
| 3:15 | Troll Headhunter |
| 3:39 | Stronghold |
| 3:53 | Troll Headhunter |
| 4:07 | Troll Headhunter |
| 4:23 | Orc Burrow |
| 4:26 | Endurance Aura |
| 4:35 | Troll Headhunter |
| 4:41 | Lesser Clarity Potion |
| 4:47 | Lesser Clarity Potion |
| 4:58 | Healing Salve |
| 5:31 | Dust of Appearance |
| 5:45 | Troll Headhunter |
| 5:46 | Troll Headhunter |
| 5:48 | Steel Armor |
| 5:51 | Orc Burrow |
| 6:50 | Troll Headhunter |
| 6:59 | Spirit Lodge |
| 7:10 | War Stomp |
| 8:15 | Healing Wave |
| 8:27 | Fortress |
| 8:28 | Shaman Adept Training |
| 8:28 | Witch Doctor Adept Training |
| 8:30 | Spirit Lodge |
| 9:13 | Troll Headhunter |
| 9:13 | Troll Headhunter |
| 9:13 | Troll Headhunter |
| 10:06 | Shaman |
| 10:07 | Troll Witch Doctor |
| 10:51 | Berserker Upgrade |
| 10:56 | Peon |
| 10:56 | Peon |
| 10:56 | Peon |
| 11:34 | Shaman Master Training |
| 11:54 | War Mill |
| 12:25 | Witch Doctor Master Training |
| 12:30 | Hex |
| 13:30 | Troll Witch Doctor |
| 13:31 | Shaman |
| 13:32 | Troll Witch Doctor |
| 13:39 | Endurance Aura |
| 13:51 | Thorium Ranged Weapons |
| 13:51 | Reinforced Defenses |
| 14:30 | Orc Burrow |
| 14:31 | Orc Burrow |
| 14:33 | Orc Burrow |
| 14:37 | Orc Burrow |
| 14:41 | Great Hall |
| 15:24 | Beastiary |
| 15:48 | Troll Witch Doctor |
| 15:50 | Shaman |
| 16:19 | Beastiary |
| 16:22 | Orc Burrow |
| 16:26 | Shaman |
| 16:27 | Troll Berserker |
| 18:03 | Peon |
| 18:03 | Peon |
| 18:03 | Peon |
| 18:03 | Peon |
| 18:45 | Great Hall |
| 18:49 | Troll Batrider |
| 19:51 | Scroll of Town Portal |
| 22:19 | Great Hall |
| 23:20 | Great Hall |
| 23:25 | Great Hall |
| 23:31 | Hex |
| Select group | 729 |
| Right click | 418 |
| Select | 319 |
| Misc. action | 313 |
| Build/train/purchase | 86 |
| Use ability | 32 |
| Assign group | 30 |
| Minimap ping | 27 |
| Resource trade | 8 |
| Remove unit | 6 |
| Item give/drop | 2 |


| Scroll of Regeneration | 4 | 400 |
| Lesser Clarity Potion | 2 | 140 |
| Potion of Healing | 2 | 300 |
| Staff of Sanctuary | 2 | 500 |
| Scroll of Healing | 1 | 250 |
| Scroll of Town Portal | 3 | 1050 |
| Boots of Speed | 1 | 250 |
| Potion of Lesser Invulnerability | 1 | 150 |
| Scroll of Protection | 1 | 150 |
| total: | 17 | 3190g |
| Peasant | 14 | 1050 | / | 0 |
| Footman | 9 | 1215 | / | 0 |
| Dragonhawk Rider | 6 | 1200 | / | 180 |
| Rifleman | 6 | 1230 | / | 180 |
| Siege Engine | 4 | 780 | / | 240 |
| Mortar Team | 1 | 180 | / | 70 |
| Priest | 2 | 270 | / | 20 |
| Flying Machine | 2 | 200 | / | 60 |
| Peon | 11 | 825 | / | 0 |
| Acolyte | 3 | 225 | / | 0 |
| total: | 58 | 7175g | / | 750w |
| Scout Tower | 11 | 330 | / | 220 |
| Arcane Tower | 4 | 280 | / | 200 |
| Guard Tower | 6 | 420 | / | 300 |
| Altar of Kings | 1 | 180 | / | 50 |
| Barracks | 4 | 640 | / | 240 |
| Farm | 15 | 1200 | / | 300 |
| Lumber Mill | 2 | 240 | / | 0 |
| Arcane Vault | 3 | 390 | / | 90 |
| Blacksmith | 1 | 140 | / | 60 |
| Town Hall | 1 | 385 | / | 205 |
| Gryphon Aviary | 2 | 280 | / | 300 |
| Arcane Sanctum | 1 | 150 | / | 140 |
| Workshop | 5 | 700 | / | 700 |
| Keep | 1 | 320 | / | 210 |
| Castle | 1 | 360 | / | 210 |
| Great Hall | 1 | 385 | / | 185 |
| total: | 47 | 5020g | / | 2490w |
| 0:04 | Peasant |
| 0:04 | Peasant |
| 0:11 | Altar of Kings |
| 0:16 | Peasant |
| 0:21 | Barracks |
| 0:35 | Farm |
| 0:39 | Peasant |
| 0:44 | Peasant |
| 0:57 | Peasant |
| 1:09 | Farm |
| 1:15 | Peasant |
| 1:25 | Footman |
| 1:40 | Scout Tower |
| 1:47 | Footman |
| 1:57 | Peasant |
| 2:01 | Farm |
| 2:25 | Flame Strike |
| 2:26 | Arcane Tower |
| 2:31 | Scout Tower |
| 2:35 | Footman |
| 2:41 | Footman |
| 2:54 | Farm |
| 2:57 | Peasant |
| 3:11 | Lumber Mill |
| 3:13 | Lumber Mill |
| 3:48 | Arcane Vault |
| 3:55 | Defend |
| 4:06 | Scout Tower |
| 4:09 | Scout Tower |
| 4:17 | Arcane Vault |
| 4:26 | Arcane Vault |
| 4:36 | Guard Tower |
| 4:37 | Improved Lumber Harvesting |
| 4:40 | Footman |
| 4:46 | Guard Tower |
| 4:48 | Scout Tower |
| 4:50 | Keep |
| 4:54 | Blacksmith |
| 5:06 | Siphon Mana |
| 5:08 | Footman |
| 5:26 | Footman |
| 5:28 | Guard Tower |
| 5:30 | Improved Masonry |
| 5:54 | Scroll of Regeneration |
| 6:01 | Scroll of Regeneration |
| 6:14 | Farm |
| 6:16 | Iron Plating |
| 7:13 | Siphon Mana |
| 7:35 | Scout Tower |
| 7:36 | Scout Tower |
| 7:36 | Scout Tower |
| 7:37 | Scout Tower |
| 7:45 | Town Hall |
| 7:50 | Footman |
| 8:09 | Arcane Tower |
| 8:10 | Guard Tower |
| 8:11 | Guard Tower |
| 8:50 | Holy Light |
| 9:09 | Advanced Lumber Harvesting |
| 9:37 | Boots of Speed |
| 9:37 | Potion of Lesser Invulnerability |
| 9:38 | Scroll of Healing |
| 9:38 | Scroll of Protection |
| 9:42 | Arcane Tower |
| 9:48 | Flame Strike |
| 10:55 | Castle |
| 11:10 | Iron Forged Swords |
| 11:16 | Lesser Clarity Potion |
| 11:36 | Footman |
| 12:16 | Black Gunpowder |
| 12:30 | Advanced Masonry |
| 12:36 | Peasant |
| 12:36 | Peasant |
| 12:49 | Scroll of Town Portal |
| 12:50 | Lesser Clarity Potion |
| 12:52 | Potion of Healing |
| 12:52 | Scroll of Regeneration |
| 13:29 | Divine Shield |
| 13:48 | Studded Leather Armor |
| 13:52 | Gryphon Aviary |
| 13:55 | Gryphon Aviary |
| 14:00 | Animal War Training |
| 14:46 | Arcane Sanctum |
| 15:12 | Cloud |
| 15:13 | Dragonhawk Rider |
| 15:17 | Peasant |
| 15:19 | Peasant |
| 15:34 | Dragonhawk Rider |
| 15:39 | Scout Tower |
| 15:48 | Peasant |
| 16:12 | Scroll of Town Portal |
| 16:13 | Staff of Sanctuary |
| 16:30 | Dragonhawk Rider |
| 16:33 | Magic Sentry |
| 16:35 | Scout Tower |
| 17:08 | Dragonhawk Rider |
| 17:10 | Farm |
| 17:11 | Farm |
| 17:12 | Farm |
| 17:13 | Farm |
| 17:13 | Farm |
| 17:21 | Arcane Tower |
| 18:14 | Workshop |
| 18:19 | Barracks |
| 18:21 | Workshop |
| 18:26 | Workshop |
| 18:27 | Workshop |
| 18:30 | Farm |
| 18:43 | Rifleman |
| 18:43 | Long Rifles |
| 18:45 | Barracks |
| 18:50 | Barracks |
| 19:03 | Workshop |
| 19:21 | Priest Adept Training |
| 19:22 | Guard Tower |
| 19:43 | Rifleman |
| 20:23 | Refined Gunpowder |
| 21:06 | Barrage |
| 21:06 | Siege Engine |
| 22:25 | Rifleman |
| 22:25 | Rifleman |
| 23:12 | Dragonhawk Rider |
| 23:52 | Staff of Sanctuary |
| 24:14 | Rifleman |
| 24:37 | Imbued Gunpowder |
| 25:17 | Mortar Team |
| 25:18 | Fragmentation Shards |
| 25:50 | Divine Shield |
| 26:00 | Great Hall |
| 26:20 | Rifleman |
| 26:21 | Priest |
| 26:22 | Priest |
| 26:25 | Siege Engine |
| 27:56 | Farm |
| 27:57 | Farm |
| 27:58 | Farm |
| 27:58 | Farm |
| 29:11 | Dragonhawk Rider |
| 32:06 | Reinforced Leather Armor |
| 32:17 | Scroll of Regeneration |
| 32:18 | Potion of Healing |
| 32:21 | Scroll of Town Portal |
| 32:37 | Peon |
| 32:37 | Peon |
| 32:37 | Peon |
| 32:41 | Flying Machine |
| 32:44 | Flying Machine |
| 32:51 | Peon |
| 32:51 | Peon |
| 34:32 | Siege Engine |
| 35:21 | Flame Strike |
| 36:13 | Peon |
| 36:45 | Siege Engine |
| 36:54 | Peon |
| 36:54 | Peon |
| 36:58 | Peon |
| 36:58 | Peon |
| 36:58 | Peon |
| 37:23 | Unholy Aura |
| 37:26 | Healing Wave |
| 37:34 | Acolyte |
| 37:34 | Acolyte |
| 37:35 | Acolyte |
| Select group | 2507 |
| Right click | 2069 |
| Select | 691 |
| Misc. action | 409 |
| Build/train/purchase | 187 |
| Use ability | 146 |
| Assign group | 70 |
| Minimap ping | 6 |
| Item give/drop | 2 |
| Esc | 2 |